TOP OF THE 1ST |
Los Angeles Dodgers batting - Pitching for Philadelphia Phillies : LHP Larry McWilliams
|
Pitching: LHP Larry McWilliams
|
|
Batting: RHB Billy Sample
|
0-0: Ball 1-0: Ball 2-0: Foul Ball, location: 2F 2-1: Foul Ball, location: 2F 2-2: Foul Ball, location: 2F 2-2: Strikes out looking
|
Batting: RHB Carney Lansford
|
0-0: Foul Ball, location: 2F 0-1: Swinging Strike 0-2: Ground out 6-3 (Groundball, 6, EV 85.6 MPH)
|
Batting: RHB Dick Davis
|
0-0: Foul Ball, location: 2F 0-1: Ball 1-1: Foul Ball, location: 2F 1-2: Strikes out looking
|
Top of the 1st over - 0 runs, 0 hits, 0 errors, 0 left on base; Los Angeles 0 - Philadelphia 0 |
BOTTOM OF THE 1ST |
Philadelphia Phillies batting - Pitching for Los Angeles Dodgers : LHP Dave Righetti
|
Pitching: LHP Dave Righetti
|
|
Batting: RHB Andy Ramirez
|
0-0: Ground out 4-3 (Groundball, 4M, EV 105.6 MPH)
|
Batting: RHB Andre Dawson
|
0-0: Called Strike 0-1: Ball 1-1: Swinging Strike 1-2: Strikes out looking
|
Batting: RHB Paul Molitor
|
0-0: Ball 1-0: Called Strike 1-1: Swinging Strike 1-2: SINGLE (Groundball, 6S, EV 68.1 MPH) (infield hit)
|
Batting: LHB Ken Phelps
|
0-0: Ball Paul Molitor is caught stealing 2nd base 2-6
|
Bottom of the 1st over - 0 runs, 1 hit, 0 errors, 0 left on base; Los Angeles 0 - Philadelphia 0 |
TOP OF THE 2ND |
Los Angeles Dodgers batting - Pitching for Philadelphia Phillies : LHP Larry McWilliams
|
Batting: RHB Jerry Keller
|
0-0: Ball 1-0: Foul Ball, location: 2F 1-1: Called Strike 1-2: Ball 2-2: Strikes out swinging
|
Batting: RHB Gary Gaetti
|
0-0: Ball 1-0: Foul Ball, location: 2F 1-1: Hit by Pitch
|
Batting: RHB Toby Harrah
|
0-0: Called Strike 0-1: Swinging Strike 0-2: SINGLE (Groundball, 56D, EV 106.3 MPH) Gary Gaetti to second
|
Batting: SHB Chris W Smith
|
0-0: Ball Gary Gaetti steals 3rd base Toby Harrah to second 1-0: Ball 2-0: Called Strike 2-1: Ground out 5-3 (Groundball, 56, EV 82.5 MPH) Gary Gaetti scores
|
Batting: RHB Roberto Reyes
|
0-0: Ball 1-0: Reached on error, E4 (Groundball, 4, EV 100.6 MPH) Toby Harrah to third
|
Batting: LHB Dave Righetti
|
0-0: Foul Ball, location: 2F 0-1: Ball 1-1: Ball Wild Pitch! Toby Harrah scores Roberto Reyes to second 2-1: Swinging Strike 2-2: Fly out, F8 (Flyball, 8RXD, EV 98.1 MPH)
|
Top of the 2nd over - 2 runs, 1 hit, 1 error, 1 left on base; Los Angeles 2 - Philadelphia 0 |
BOTTOM OF THE 2ND |
Philadelphia Phillies batting - Pitching for Los Angeles Dodgers : LHP Dave Righetti
|
Batting: LHB Ken Phelps
|
0-0: Foul Ball, location: 2F 0-1: Swinging Strike 0-2: Ball 1-2: Foul Ball, location: 2F 1-2: Ground out 4-3 (Groundball, 13, EV 87.5 MPH)
|
Batting: RHB Candy Maldonado
|
0-0: Ball 1-0: Called Strike 1-1: Foul Ball, location: 2F 1-2: Ball 2-2: Strikes out swinging
|
Batting: RHB Dan Thomas
|
0-0: Swinging Strike 0-1: Called Strike 0-2: Foul Ball, location: 2F 0-2: Strikes out looking
|
Bottom of the 2nd over - 0 runs, 0 hits, 0 errors, 0 left on base; Los Angeles 2 - Philadelphia 0 |
TOP OF THE 3RD |
Los Angeles Dodgers batting - Pitching for Philadelphia Phillies : LHP Larry McWilliams
|
Batting: RHB Billy Sample
|
0-0: Ball 1-0: Fly out, F9 (Flyball, 9S, EV 91.9 MPH)
|
Batting: RHB Carney Lansford
|
0-0: Foul Ball, location: 2F 0-1: Fly out, F9 (Line Drive, 9, EV 91.3 MPH)
|
Batting: RHB Dick Davis
|
0-0: Called Strike 0-1: Ground out 6-3 (Groundball, 6, EV 88.8 MPH)
|
Top of the 3rd over - 0 runs, 0 hits, 0 errors, 0 left on base; Los Angeles 2 - Philadelphia 0 |
BOTTOM OF THE 3RD |
Philadelphia Phillies batting - Pitching for Los Angeles Dodgers : LHP Dave Righetti
|
Batting: LHB Rick Lancellotti
|
0-0: Ball 1-0: Called Strike 1-1: Called Strike 1-2: Foul Ball, location: 2F 1-2: Ground out 4-3 (Groundball, 4, EV 80.0 MPH)
|
Batting: RHB Mike Diaz
|
0-0: Fly out, F8 (Flyball, 89XD, EV 99.4 MPH)
|
Batting: LHB Larry McWilliams
|
0-0: Reached on error, E4 (Groundball, 4, EV 93.1 MPH)
|
Batting: RHB Andy Ramirez
|
0-0: Called Strike 0-1: Fly out, F8 (Flyball, 89D, EV 84.4 MPH)
|
Bottom of the 3rd over - 0 runs, 0 hits, 1 error, 1 left on base; Los Angeles 2 - Philadelphia 0 |
TOP OF THE 4TH |
Los Angeles Dodgers batting - Pitching for Philadelphia Phillies : LHP Larry McWilliams
|
Batting: RHB Jerry Keller
|
0-0: Called Strike 0-1: Ball 1-1: Ball 2-1: Foul Ball, location: 2F 2-2: Ball 3-2: Foul Ball, location: 2F 3-2: Ground out 4-3 (Groundball, 4MD, EV 79.4 MPH)
|
Batting: RHB Gary Gaetti
|
0-0: Ball 1-0: Ball 2-0: Called Strike 2-1: Ball 3-1: DOUBLE (Line Drive, 7LM, EV 93.8 MPH)
|
Batting: RHB Toby Harrah
|
0-0: Fly out, F9 (Flyball, 9D, EV 103.8 MPH) Runner from 2nd tags up, SAFE at 3rd, no throw by RF
|
Batting: SHB Chris W Smith
|
0-0: Ball 1-0: Called Strike 1-1: Foul Ball, location: 2F 1-2: Ball 2-2: Fly out, F6 (Flyball, 6MD, EV 85.0 MPH)
|
Top of the 4th over - 0 runs, 1 hit, 0 errors, 1 left on base; Los Angeles 2 - Philadelphia 0 |
BOTTOM OF THE 4TH |
Philadelphia Phillies batting - Pitching for Los Angeles Dodgers : LHP Dave Righetti
|
Batting: RHB Andre Dawson
|
0-0: Ball 1-0: Ball 2-0: Called Strike 2-1: Called Strike 2-2: Strikes out swinging
|
Batting: RHB Paul Molitor
|
0-0: Ball 1-0: Called Strike 1-1: Ball 2-1: Ground out 5-3 (Groundball, 56, EV 101.3 MPH)
|
Batting: LHB Ken Phelps
|
0-0: Ball 1-0: Ball 2-0: Foul Ball, location: 2F 2-1: Ball 3-1: Base on Balls
|
Batting: RHB Candy Maldonado
|
0-0: Called Strike 0-1: Called Strike 0-2: Strikes out swinging
|
Bottom of the 4th over - 0 runs, 0 hits, 0 errors, 1 left on base; Los Angeles 2 - Philadelphia 0 |
TOP OF THE 5TH |
Los Angeles Dodgers batting - Pitching for Philadelphia Phillies : LHP Larry McWilliams
|
Batting: RHB Roberto Reyes
|
0-0: Ball 1-0: Ball 2-0: Called Strike 2-1: Ball 3-1: Base on Balls
|
Batting: LHB Dave Righetti
|
0-0: Ball 1-0: Sac Bunt to 5S - play at first, batter OUT! 5-4 Roberto Reyes to second
|
Batting: RHB Billy Sample
|
0-0: Ball Roberto Reyes steals 3rd base 1-0: SINGLE (Groundball, 56D, EV 98.1 MPH) Roberto Reyes scores
|
Batting: RHB Carney Lansford
|
0-0: Called Strike 0-1: Ball 1-1: Ball 2-1: Ball 3-1: Fly out, F4 (Flyball, 34D, EV 85.0 MPH)
|
Batting: RHB Dick Davis
|
0-0: Called Strike 0-1: Ball Billy Sample steals 2nd base 1-1: Ball 2-1: Foul Ball, location: 2F 2-2: Strikes out swinging
|
Top of the 5th over - 1 run, 1 hit, 0 errors, 1 left on base; Los Angeles 3 - Philadelphia 0 |
BOTTOM OF THE 5TH |
Philadelphia Phillies batting - Pitching for Los Angeles Dodgers : LHP Dave Righetti
|
Batting: RHB Dan Thomas
|
0-0: Ball 1-0: Ball 2-0: DOUBLE (Flyball, 9LD, EV 101.9 MPH)
|
Batting: LHB Rick Lancellotti
|
0-0: Ground out 4-3 (Groundball, 4, EV 91.9 MPH) Dan Thomas to third
|
Batting: RHB Mike Diaz
|
0-0: Called Strike 0-1: Foul Ball, location: 2F 0-2: Foul Ball, location: 2F 0-2: Strikes out swinging
|
Batting: LHB Larry McWilliams
|
0-0: Ball 1-0: Foul Ball, location: 2F 1-1: Called Strike 1-2: Ball 2-2: Ball 3-2: Foul Ball, location: 2F 3-2: Foul Ball, location: 2F 3-2: Foul Ball, location: 2F 3-2: Strikes out swinging
|
Bottom of the 5th over - 0 runs, 1 hit, 0 errors, 1 left on base; Los Angeles 3 - Philadelphia 0 |
TOP OF THE 6TH |
Los Angeles Dodgers batting - Pitching for Philadelphia Phillies : LHP Larry McWilliams
|
Batting: RHB Jerry Keller
|
0-0: Foul Ball, location: 2F 0-1: Foul Ball, location: 2F 0-2: Ball 1-2: Ground out 6-3 (Groundball, 6, EV 88.8 MPH)
|
Batting: RHB Gary Gaetti
|
0-0: DOUBLE (Flyball, 89XD, EV 101.3 MPH)
|
Batting: RHB Toby Harrah
|
0-0: Called Strike 0-1: Ground out 6-3 (Groundball, 6, EV 88.1 MPH) Gary Gaetti to third
|
Batting: SHB Chris W Smith
|
0-0: Called Strike 0-1: 2-RUN HOME RUN (Line Drive, 9D, EV 103.1 MPH), Distance : 398 ft
|
Batting: RHB Roberto Reyes
|
0-0: Ball 1-0: Ball 2-0: Fly out, F4 (Popup, 13, EV 81.9 MPH)
|
Top of the 6th over - 2 runs, 2 hits, 0 errors, 0 left on base; Los Angeles 5 - Philadelphia 0 |
BOTTOM OF THE 6TH |
Philadelphia Phillies batting - Pitching for Los Angeles Dodgers : LHP Dave Righetti
|
Batting: RHB Andy Ramirez
|
0-0: Ground out 6-3 (Groundball, 6, EV 83.8 MPH)
|
Batting: RHB Andre Dawson
|
0-0: Ball 1-0: Ball 2-0: Fly out, F5 (Flyball, 5D, EV 85.0 MPH)
|
Batting: RHB Paul Molitor
|
0-0: Foul Ball, location: 2F 0-1: Swinging Strike 0-2: Strikes out swinging
|
Bottom of the 6th over - 0 runs, 0 hits, 0 errors, 0 left on base; Los Angeles 5 - Philadelphia 0 |
TOP OF THE 7TH |
Los Angeles Dodgers batting - Pitching for Philadelphia Phillies : LHP Larry McWilliams
|
Batting: LHB Dave Righetti
|
0-0: Called Strike 0-1: Foul Ball, location: 2F 0-2: Ball 1-2: Strikes out looking
|
Batting: RHB Billy Sample
|
0-0: Fly out, F8 (Line Drive, 8LM, EV 89.4 MPH)
|
Batting: RHB Carney Lansford
|
0-0: Ball 1-0: Fly out, F8 (Line Drive, 8LM, EV 98.1 MPH)
|
Top of the 7th over - 0 runs, 0 hits, 0 errors, 0 left on base; Los Angeles 5 - Philadelphia 0 |
BOTTOM OF THE 7TH |
Philadelphia Phillies batting - Pitching for Los Angeles Dodgers : LHP Dave Righetti
|
Batting: LHB Ken Phelps
|
0-0: Foul Ball, location: 2F 0-1: Fly out, F8 (Line Drive, 8LD, EV 101.9 MPH)
|
Batting: RHB Candy Maldonado
|
0-0: Foul Ball, location: 2F 0-1: Called Strike 0-2: Ball 1-2: Ground out 5-3 (Groundball, 15, EV 87.5 MPH)
|
Batting: RHB Dan Thomas
|
0-0: Ground out 6-3 (Groundball, 6, EV 101.3 MPH)
|
Bottom of the 7th over - 0 runs, 0 hits, 0 errors, 0 left on base; Los Angeles 5 - Philadelphia 0 |
TOP OF THE 8TH |
Los Angeles Dodgers batting - Pitching for Philadelphia Phillies : LHP Larry McWilliams
|
Pitching: RHP Tony Villa
|
|
Batting: RHB Dick Davis
|
0-0: Called Strike 0-1: Ball 1-1: Ball 2-1: Ball 3-1: Foul Ball, location: 2F 3-2: Ground out 4-3 (Groundball, 4M, EV 101.9 MPH)
|
Batting: RHB Jerry Keller
|
0-0: Ball 1-0: Ball 2-0: Foul Ball, location: 2F 2-1: Foul Ball, location: 2F 2-2: Foul Ball, location: 2F 2-2: Ball 3-2: Hit by Pitch
|
Batting: RHB Gary Gaetti
|
0-0: Ball 1-0: Called Strike 1-1: Ball 2-1: Fly out, F7 (Flyball, 7D, EV 89.4 MPH)
|
Batting: RHB Toby Harrah
|
0-0: Foul Ball, location: 2F 0-1: Ball 1-1: Called Strike 1-2: Ball 2-2: Foul Ball, location: 2F 2-2: Strikes out swinging
|
Top of the 8th over - 0 runs, 0 hits, 0 errors, 1 left on base; Los Angeles 5 - Philadelphia 0 |
BOTTOM OF THE 8TH |
Philadelphia Phillies batting - Pitching for Los Angeles Dodgers : LHP Dave Righetti
|
Batting: LHB Rick Lancellotti
|
0-0: Called Strike 0-1: Ball 1-1: SINGLE (Groundball, 6MD, EV 99.4 MPH)
|
Batting: RHB Mike Diaz
|
0-0: Called Strike 0-1: Called Strike 0-2: SINGLE (Groundball, 25, EV 72.5 MPH) (infield hit) Rick Lancellotti to second
|
Pinch Hitting: LHB Andy Guerrero
|
0-0: SINGLE (Groundball, 4MD, EV 100.0 MPH) Rick Lancellotti to third Mike Diaz to second Runner from 3rd tries for Home, SAFE, throw by CF to home
|
Batting: RHB Andy Ramirez
|
0-0: Called Strike 0-1: Ball 1-1: Fly out, F9 (Flyball, 89M, EV 96.3 MPH)
|
Batting: RHB Andre Dawson
|
0-0: Grounds into double play, 6-4-3 (Groundball, 56, EV 91.9 MPH)
|
Bottom of the 8th over - 1 run, 3 hits, 0 errors, 1 left on base; Los Angeles 5 - Philadelphia 1 |
TOP OF THE 9TH |
Los Angeles Dodgers batting - Pitching for Philadelphia Phillies : RHP Tony Villa
|
Pitching: RHP Stan Jakubowski
|
|
Batting: SHB Chris W Smith
|
0-0: Ball 1-0: Ball 2-0: Foul Ball, location: 2F 2-1: Ball 3-1: Base on Balls
|
Batting: RHB Roberto Reyes
|
0-0: Ball 1-0: Ball 2-0: Bunted foul 2-1: Foul Ball, location: 2F 2-2: Foul Ball, location: 2F 2-2: Foul Ball, location: 2F 2-2: Ball 3-2: Grounds into double play, 6-4-3 (Groundball, 6S, EV 81.3 MPH)
|
Batting: LHB Dave Righetti
|
0-0: Ball 1-0: SINGLE (Line Drive, 56D, EV 97.5 MPH)
|
Batting: RHB Billy Sample
|
0-0: Called Strike 0-1: Fly out, F8 (Flyball, 8LM, EV 85.0 MPH)
|
Top of the 9th over - 0 runs, 1 hit, 0 errors, 1 left on base; Los Angeles 5 - Philadelphia 1 |
BOTTOM OF THE 9TH |
Philadelphia Phillies batting - Pitching for Los Angeles Dodgers : LHP Dave Righetti
|
Batting: RHB Paul Molitor
|
0-0: Ball 1-0: Ball 2-0: Foul Ball, location: 2F 2-1: Foul Ball, location: 2F 2-2: Foul Ball, location: 2F 2-2: Strikes out swinging
|
Batting: LHB Ken Phelps
|
0-0: Ball 1-0: Foul Ball, location: 2F 1-1: Swinging Strike 1-2: Ball 2-2: Ball 3-2: Fly out, F8 (Line Drive, 8RM, EV 85.6 MPH)
|
Batting: RHB Candy Maldonado
|
0-0: Ball 1-0: SINGLE (Line Drive, 56, EV 97.5 MPH)
|
Batting: RHB Dan Thomas
|
0-0: Called Strike 0-1: Fly out, F7 (Line Drive, 7, EV 93.8 MPH)
|
Bottom of the 9th over - 0 runs, 1 hit, 0 errors, 1 left on base; Los Angeles 5 - Philadelphia 1 |
|